[Event "25th European Club Cup Women 2021"]
[Site "Struga"]
[Date "2021.09.18"]
[Round "1.3"]
[White "Maltsevskaya, Aleksandra"]
[Black "Dordzhieva, Dinara"]
[Result "1/2-1/2"]
[ECO "A13"]
[WhiteElo "2407"]
[BlackElo "2303"]
[Annotator "NA"]
[PlyCount "74"]
[EventDate "2021.09.18"]
[EventType "team-tourn"]
[EventCountry "MKD"]
[SourceTitle "playchess.com"]
[Source "ChessBase"]
[SourceQuality "1"]
[TimeControl "40/5400+30:1800+30"]

1. c4 e6 2. g3 Nf6 3. Bg2 d5 4. Nf3 dxc4 5. Qa4+ Nbd7 6. Qxc4 a6 7. Qc2 c5 8. Nc3 Qc7 9. O-O b6 10. d4 Bb7 11. Bf4 Bd6 12. Bxd6 Qxd6 13. Rfd1 O-O 14. e4 cxd4 15. Nxd4 Qc7 16. Rac1 Rad8 17. f4 e5 18. Nd5 Qxc2 19. Nxc2 Nxd5 20. exd5 exf4 21. gxf4 Nf6 22. Nb4 Rd6 23. Rc7 Ba8 24. Rdc1 Re8 25. Rc8 Kf8 26. Rxe8+ Kxe8 27. Nxa6 Bxd5 28. Nc7+ Ke7 29. Re1+ Kd7 30. Nb5 Rc6 31. Rd1 Rc5 32. a4 Kc6 33. Nd4+ Kc7 34. Bf1 Kb8 35. b4 Rc7 36.
a5 bxa5 37. bxa5 Rc5 1/2-1/2

[Event "25th European Club Cup Women 2021"]
[Site "Struga"]
[Date "2021.09.18"]
[Round "1.6"]
[White "Abdumalik, Zhansaya"]
[Black "Dzagnidze, Nana"]
[Result "1/2-1/2"]
[ECO "B31"]
[WhiteElo "2502"]
[BlackElo "2525"]
[Annotator "ChessBase"]
[PlyCount "68"]
[EventDate "2021.09.18"]
[EventType "team-tourn"]
[EventCountry "MKD"]
[SourceTitle "playchess.com"]
[Source "ChessBase"]
[SourceQuality "1"]
[TimeControl "40/5400+30:1800+30"]

1. e4 c5 2. Nf3 Nc6 3. Bb5 g6 4. Bxc6 dxc6 5. d3 Qc7 6. h3 e5 7. Be3 Be6 8. a4 f6 9. Qd2 a5 10. Na3 b6 11. b3 Ne7 12. Bh6 O-O-O 13. Bxf8 Rhxf8 14. Qh6 Ng8 15. Qe3 Ne7 16. Qh6 Ng8 17. Qe3 Ne7 18.
O-O-O Kb7 19. Kb2 Nc8 20. Rhe1 g5 21. Nd2 Nd6 22. Ndc4 Qg7 23.
Nxd6+ Rxd6 24. Rd2 h5 25. Nc4 Rd4 26. Red1 Rfd8 27. c3 R4d7 28. Kc2 h4 29. f3 Qf7 30. Kb2 Qg8 31. Qf2 Qf7 32. Qe3 Qg8 33.
Qf2 Qf7 34. Qe3 Qg8 1/2-1/2

[Event "25th European Club Cup Women 2021"]
[Site "Struga"]
[Date "2021.09.18"]
[Round "1.7"]
[White "Cramling, Pia"]
[Black "Muzychuk, Mariya"]
[Result "1/2-1/2"]
[ECO "D30"]
[WhiteElo "2455"]
[BlackElo "2540"]
[Annotator "ChessBase"]
[PlyCount "65"]
[EventDate "2021.09.18"]
[EventType "team-tourn"]
[EventCountry "MKD"]
[SourceTitle "playchess.com"]
[Source "ChessBase"]
[SourceQuality "1"]
[TimeControl "40/5400+30:1800+30"]

1. Nf3 d5 2. d4 Nf6 3. c4 e6 4. Bg5 h6 5. Bxf6 Qxf6 6. e3 Nd7 7. Qb3 dxc4 8. Bxc4 c5 9. Nc3 cxd4 10. exd4 Bd6 11. O-O O-O 12. Rfe1 Nb6 13. Bb5 Rd8 14. a4 Bc7 15. Rac1 Bf4 16. Rcd1 a6 17. Bd3 Nd5 18. Nxd5 exd5 19. Ne5 g6 20. g3 Bxe5 21. dxe5 Qe7 22. Qb6 Be6 23. Qd4 Rac8 24. Rc1 Qg5 25. f4 Qg4 26. Qf2 h5 27. Rxc8 Rxc8 28. Qe3 h4 29. Be2 Qh3 30. Bf1 Qg4 31. Be2 Qh3 32. Bf1 Qg4 33. Be2 1/2-1/2

[Event "25th European Club Cup Women 2021"]
[Site "Struga"]
[Date "2021.09.18"]
[Round "1.12"]
[White "Stojkovska, Monika"]
[Black "Vidic, Teja"]
[Result "0-1"]
[ECO "C54"]
[WhiteElo "2081"]
[BlackElo "2172"]
[Annotator "NA"]
[PlyCount "64"]
[EventDate "2021.09.18"]
[EventType "team-tourn"]
[EventCountry "MKD"]
[SourceTitle "playchess.com"]
[Source "ChessBase"]
[SourceQuality "1"]
[TimeControl "40/5400+30:1800+30"]

1. e4 e5 2. Nf3 Nc6 3. Bc4 Bc5 4. O-O Nf6 5. d3 d6 6. c3 a6 7. a4 Ba7 8. Re1 h6 9. Nbd2 O-O 10. h3 Re8 11. b4 Be6 12. Bxe6 Rxe6 13. Qc2 Qd7 14. Nb3 Ne7 15. c4 Ng6 16. Bb2 Nf4 17. d4 N6h5 18.
Nh4 Qd8 19. g3 Nxh3+ 20. Kh2 N3f4 21. c5 Qg5 22. Qd1 Nf6 23.
Rh1 Nxe4 24. Qf3 f5 25. dxe5 dxe5 26. Bxe5 Nd5 27. Bb2 f4 28. Rae1 fxg3+ 29. fxg3 Rf8 30. Qg2 Ne3 31. Qh3 Ng4+ 32. Kg1 Nxc5 0-1

[Event "25th European Club Cup Women 2021"]
[Site "Struga"]
[Date "2021.09.18"]
[Round "1.13"]
[White "Salimova, Nurgyul"]
[Black "Peycheva, Gergana"]
[Result "1/2-1/2"]
[ECO "E04"]
[WhiteElo "2362"]
[BlackElo "2331"]
[Annotator "NA"]
[PlyCount "61"]
[EventDate "2021.09.18"]
[EventType "team-tourn"]
[EventCountry "MKD"]
[SourceTitle "playchess.com"]
[Source "ChessBase"]
[SourceQuality "1"]
[TimeControl "40/5400+30:1800+30"]

1. d4 d5 2. Nf3 Nf6 3. c4 e6 4. g3 dxc4 5. Bg2 c5 6. O-O Nc6 7. dxc5 Qxd1 8. Rxd1 Bxc5 9. Nbd2 c3 10. bxc3 O-O 11. Nb3 Be7 12.
Nfd4 Nxd4 13. cxd4 Nd5 14. Bf4 Bd7 15. Nc5 Bc6 16. Rac1 Nxf4 17. gxf4 Bxg2 18. Kxg2 b6 19. Nd7 Rfc8 20. Ne5 Ba3 21. Rxc8+ Rxc8 22. Rd3 Bd6 23. d5 Bxe5 24. fxe5 exd5 25. Rxd5 Kf8 26. Rd7 Rc2 27. Rxa7 Rxe2 28. Rb7 Rxa2 29. Rxb6 Re2 30. Rb5 Ke7 31. Kf3 1/2-1/2

[Event "25th European Club Cup Women 2021"]
[Site "Struga"]
[Date "2021.09.18"]
[Round "1.15"]
[White "Krasteva, Beloslava"]
[Black "Djukic, Sandra"]
[Result "1/2-1/2"]
[ECO "D31"]
[WhiteElo "2217"]
[BlackElo "2127"]
[Annotator "NA"]
[PlyCount "80"]
[EventDate "2021.09.18"]
[EventType "team-tourn"]
[EventCountry "MKD"]
[SourceTitle "playchess.com"]
[Source "ChessBase"]
[SourceQuality "1"]
[TimeControl "40/5400+30:1800+30"]

1. c4 e6 2. d4 d5 3. Nc3 a6 4. cxd5 exd5 5. Nf3 h6 6. Bf4 Nf6 7. e3 Bd6 8. Be5 c6 9. Bd3 Qe7 10. h3 Nbd7 11. Bxd6 Qxd6 12. O-O O-O 13. Qc2 Re8 14. Rab1 Qe7 15. b4 Ne4 16. a4 Nb6 17. Rb3 Be6 18. b5 axb5 19. axb5 c5 20. dxc5 Nxc5 21. Rbb1 Rec8 22. Nd1 Ra3 23. Be2 Ne4 24. Qb2 Nc4 25. Qd4 Ned6 26. Bxc4 dxc4 27. Nc3 Nf5 28. Qd2 Rd8 29. Nd4 Nxd4 30. exd4 Bf5 31. Ra1 Rxa1 32. Rxa1 Bd3 33. d5 Re8 34. Rc1 Qe5 35. f4 Qd4+ 36. Qf2 Qf6 37. Qf3 Qd4+ 38. Qf2 Qf6 39. Qf3 Qd4+ 40. Qf2 Qf6 1/2-1/2

[Event "25th European Club Cup Women 2021"]
[Site "Struga"]
[Date "2021.09.19"]
[Round "2.1"]
[White "Bivol, Alina"]
[Black "Peycheva, Gergana"]
[Result "1-0"]
[ECO "B13"]
[WhiteElo "2385"]
[BlackElo "2331"]
[Annotator "ChessBase"]
[PlyCount "160"]
[EventDate "2021.09.18"]
[EventType "team-tourn"]
[EventCountry "MKD"]
[SourceTitle "playchess.com"]
[Source "ChessBase"]
[SourceQuality "1"]
[TimeControl "40/5400+30:1800+30"]

1. e4 c6 2. d4 d5 3. exd5 cxd5 4. Bd3 Nc6 5. c3 Qc7 6. Ne2 Bg4 7. O-O e6 8. Qe1 Bd6 9. f3 Bh5 10. Qh4 Bg6 11. Bxg6 fxg6 12. Re1 Kf7 13. Bf4 e5 14. dxe5 Nxe5 15. Bxe5 Bxe5 16. Nd2 Nf6 17. f4 Bd6 18. Nf3 Rhe8 19. Ng5+ Kg8 20. Nd4 Bc5 21. Nge6 Bxd4+ 22. Nxd4 Re4 23. Rxe4 dxe4 24. Re1 Re8 25. Qg5 a6 26. h3 Kh8 27. Re2 Nh5 28. g3 Nf6 29. Kg2 b6 30. f5 Re5 31. g4 gxf5 32. gxf5 Qc4 33. Kh2 h6 34. Qf4 Re7 35. Rg2 Qc7 36. Qxc7 Rxc7 37. Kg1 Kg8 38. Kf2 Re7 39. Ne6 g5 40. h4 g4 41. Ke3 Rd7 42. Nd4 Kf7 43.
c4 Rc7 44. b3 Rd7 45. Rc2 Rc7 46. a3 Rc8 47. Ne6 Ke7 48. b4 Kd6 49. Kf4 Rg8 50. Rd2+ Ke7 51. Nd4 Rc8 52. b5 axb5 53. cxb5 Rc3 54. Nc6+ Kf7 55. Ne5+ Ke7 56. Ng6+ Kf7 57. Ne5+ Ke7 58. a4 e3 59. Ng6+ Kf7 60. Ne5+ Ke7 61. Rb2 Kd6 62. a5 Nd5+ 63. Ke4 bxa5 64. Kd4 g3 65. b6 Rc8 66. b7 Rb8 67. Nc4+ Kc6 68. Nxa5+ Kd6 69. Nc4+ Kc6 70. Na5+ Kd6 71. Rc2 Nb4 72. Rc8 e2 73. Rxb8 Na6 74. Ra8 e1=Q 75. Rxa6+ Kd7 76. b8=Q Qd2+ 77. Kc5 Qe3+ 78. Kb4 Qd2+ 79. Ka3 Qd3+ 80. Ka4 Qc4+ 1-0

[Event "25th European Club Cup Women 2021"]
[Site "Struga"]
[Date "2021.09.19"]
[Round "2.2"]
[White "Toncheva, Nadya"]
[Black "Heinemann, Josefine"]
[Result "1/2-1/2"]
[ECO "D85"]
[WhiteElo "2178"]
[BlackElo "2292"]
[Annotator "NA"]
[PlyCount "109"]
[EventDate "2021.09.18"]
[EventType "team-tourn"]
[EventCountry "MKD"]
[SourceTitle "playchess.com"]
[Source "ChessBase"]
[SourceQuality "1"]
[TimeControl "40/5400+30:1800+30"]

1. d4 Nf6 2. c4 g6 3. Nc3 d5 4. cxd5 Nxd5 5. e4 Nxc3 6. bxc3 Bg7 7. Be3 c5 8. Rc1 Qa5 9. Qd2 O-O 10. Nf3 Nd7 11. Bh6 Nf6 12. Bd3 Bg4 13.
Bxg7 Kxg7 14. Ne5 cxd4 15. cxd4 Qxd2+ 16. Kxd2 Rac8 17. Ke3 Be6 18. d5 Ng4+ 19. Nxg4 Bxg4 20. Kd4 Bd7 21. f4 Rfd8 22. Rxc8 Rxc8 23. Rb1 b6 24. Rb2 f6 25. e5 Kf8 26. h4 Rd8 27. Be4 Be6 28. exf6 exf6 29. Rc2 Ke7 30. Bf3 Bf5 31. Rc7+ Rd7 32. Rc3 h5 33. Bd1 Rd8 34. Ba4 Rc8 35. Bc6 Kd6 36. Re3 Rg8 37. Kc4 Rc8 38. Kb5 Bd7 39. Rd3 Re8 40. Bxd7 Kxd7 41. Ra3 Kd6 42. Rxa7 Re2 43. g3 Re3 44. Rf7 Rxg3 45. Rxf6+ Kxd5 46. Rxb6 Ke4 47. a4 Kxf4 48. a5 g5 49. a6 Ra3 50. hxg5 Kxg5 51. Rd6 h4 52. Rd5+ Kg4 53. Kb6 h3 54. a7 Rxa7 55. Kxa7 1/2-1/2

[Event "25th European Club Cup Women 2021"]
[Site "Struga"]
[Date "2021.09.19"]
[Round "2.3"]
[White "Dordzhieva, Dinara"]
[Black "Djukic, Sandra"]
[Result "1-0"]
[ECO "D60"]
[WhiteElo "2303"]
[BlackElo "2127"]
[Annotator "NA"]
[PlyCount "145"]
[EventDate "2021.09.18"]
[EventType "team-tourn"]
[EventCountry "MKD"]
[SourceTitle "playchess.com"]
[Source "ChessBase"]
[SourceQuality "1"]
[TimeControl "40/5400+30:1800+30"]

1. Nf3 d5 2. d4 Nf6 3. c4 e6 4. Nc3 Be7 5. Bg5 O-O 6. e3 h6 7. Bh4 c6 8. Bd3 Nbd7 9. O-O b6 10. Qe2 Bb7 11. cxd5 Nxd5 12. Bg3 Nxc3 13. bxc3 c5 14. e4 Nf6 15. Rad1 Qc8 16. Bh4 Re8 17. Rfe1 a6 18. Bb1 Nd7 19. Bxe7 Rxe7 20. e5 Nf8 21. Nd2 cxd4 22. cxd4 Qc3 23. Ne4 Bxe4 24. Bxe4 Rd8 25. Rd3 Qb4 26. Red1 Red7 27. d5 exd5 28. Rxd5 Rxd5 29. Bxd5 Ne6 30. g3 a5 31. h4 Qc5 32. Qf3 Qe7 33. Kg2 Rc8 34. Be4 Rd8 35. Bd5 Rd7 36. Rc1 Nc5 37. Re1 Ne6 38. Be4 Nd4 39. Qg4 Ne6 40. Qf3 Nd4 41. Qe3 Kf8 42. Qf4 Ne6 43. Qf3 Qb4 44. Rc1 Qd4 45. Rc6 Qxe5 46. Rxb6 Kg8 47. Qe3 Qc7 48. Rc6 Qd8 49. Ra6 Qc7 50. Ra8+ Rd8 51. Ra7 Qc5 52. Qxc5 Nxc5 53. Bc2 a4 54. Ra5 Nd3 55. Bxa4 g6 56. Bb3 Ne1+ 57. Kf1 Nf3 58. Bd5 Nd4 59. Rc5 Kg7 60. a4 Kf6 61. Bc4 Rb8 62. a5 Rb1+ 63.
Kg2 g5 64. hxg5+ hxg5 65. Rd5 Ne6 66. a6 Ra1 67. Rd7 g4 68.
a7 Nc5 69. Rxf7+ Ke5 70. Rg7 Ne4 71. Re7+ Kd4 72. Bb5 Ng5 73. Bc6 1-0

[Event "25th European Club Cup Women 2021"]
[Site "Struga"]
[Date "2021.09.19"]
[Round "2.4"]
[White "Galunova, Tsveta"]
[Black "Hrescak, Ivana"]
[Result "0-1"]
[ECO "A65"]
[WhiteElo "2190"]
[BlackElo "2142"]
[Annotator "NA"]
[PlyCount "74"]
[EventDate "2021.09.18"]
[EventType "team-tourn"]
[EventCountry "MKD"]
[SourceTitle "playchess.com"]
[Source "ChessBase"]
[SourceQuality "1"]
[TimeControl "40/5400+30:1800+30"]

1. d4 Nf6 2. c4 g6 3. Nc3 Bg7 4. e4 d6 5. f3 O-O 6. Be3 c5 7. d5 e6 8. Qd2 exd5 9. cxd5 a6 10. a4 Nbd7 11. Nh3 Ne5 12. Nf2 h5 13. Be2 Nh7 14. h3 Re8 15.
f4 Nd7 16. O-O Ndf8 17. Bf3 f5 18. exf5 Bxf5 19. g4 Bd7 20.
Nce4 hxg4 21. hxg4 Qb6 22. Nc3 Re7 23. Nfe4 Rae8 24. Bf2 Nf6 25. Nxf6+ Bxf6 26. Kg2 Qb4 27. Rh1 Rf7 28. Bg3 Bd4 29. Qc2 Rfe7 30. Rab1 b5 31. axb5 axb5 32. Ra1 Qc4 33. Qb1 b4 34. Ne4 Rxe4 35. Bxe4 Qe2+ 36. Kh3 Bxg4+ 37. Kh4 Bf6# 0-1

[Event "25th European Club Cup Women 2021"]
[Site "Struga"]
[Date "2021.09.19"]
[Round "2.5"]
[White "Shuvalova, Polina"]
[Black "Salimova, Nurgyul"]
[Result "1-0"]
[ECO "D02"]
[WhiteElo "2510"]
[BlackElo "2362"]
[Annotator "ChessBase"]
[PlyCount "115"]
[EventDate "2021.09.18"]
[EventType "team-tourn"]
[EventCountry "MKD"]
[SourceTitle "playchess.com"]
[Source "ChessBase"]
[SourceQuality "1"]
[TimeControl "40/5400+30:1800+30"]

1. d4 Nf6 2. Nf3 d5 3. Bf4 c5 4. e3 Nc6 5. Nbd2 Nh5 6. Be5 e6 7. c3 f6 8. Bg3 g6 9. Bd3 cxd4 10. cxd4 Be7 11. a3 a5 12. Nb1 O-O 13.
Nc3 Bd7 14. Qe2 a4 15. O-O Na5 16. e4 dxe4 17. Nxe4 Nb3 18. Rad1 f5 19. Nc5 Nxg3 20. hxg3 Bxc5 21. dxc5 Qe7 22. Bc4 Nxc5 23. Qe5 Rac8 24. Rd6 Qg7 25. Rfd1 Qxe5 26. Nxe5 Bc6 27. Rxe6 Nxe6 28. Bxe6+ Kg7 29. Bxc8 Rxc8 30. Rd6 Rc7 31. f3 Bb5 32. Rd2 Kf6 33. f4 Ke6 34. Kf2 Ke7 35. g4 fxg4 36. Kg3 Kf6 37. Kxg4 Be8 38. Rd6+ Kg7 39. Rb6 Re7 40. g3 Rc7 41. Kf3 Re7 42. Ke4 h5 43. Kd5 Kh7 44. Kd6 Rg7 45.
Ke6 Bc6 46. Kf6 Rg8 47. Kg5 Rg7 48. Nxc6 bxc6 49. Rxc6 Rb7 50. Rxg6 Rxb2 51. Kxh5 Rb5+ 52. Rg5 Rb3 53.
Kh4 Rxa3 54. Ra5 Ra1 55. g4 a3 56. Kg5 a2 57. Ra7+ Kg8 58.
f5 1-0

[Event "25th European Club Cup Women 2021"]
[Site "Struga"]
[Date "2021.09.19"]
[Round "2.6"]
[White "Radeva, Viktoria"]
[Black "Atalik, Ekaterina"]
[Result "1/2-1/2"]
[ECO "C55"]
[WhiteElo "2350"]
[BlackElo "2429"]
[Annotator "NA"]
[PlyCount "81"]
[EventDate "2021.09.18"]
[EventType "team-tourn"]
[EventCountry "MKD"]
[SourceTitle "playchess.com"]
[Source "ChessBase"]
[SourceQuality "1"]
[TimeControl "40/5400+30:1800+30"]

1. e4 e5 2. Nf3 Nc6 3. Bc4 Nf6 4. d3 Be7 5. O-O O-O 6. Re1 d6 7. a4 Kh8 8. a5 a6 9. Nc3 Bg4 10. h3 Bh5 11. Be3 Qc8 12. Nd5 Nxd5 13.
Bxd5 Nb4 14. Bb3 f5 15. exf5 Qxf5 16. Qd2 Bxf3 17. Qxb4 Qg6 18. g3 Rf5 19. c3 c5 20. Qa4 Qh5 21. Bd1 Qxh3 22. Bxf3 Rxf3 23. Qe4 Raf8 24. Qxb7 Bg5 25. Bf4 Rxf2 26. Kxf2 exf4 27. Qg2 Qf5 28. Kg1 fxg3 29. Qxg3 Bf4 30. Qg2 Qxd3 31. Rad1 Qf5 32. Rd5 Qf6 33. Rd3 h6 34. Rh3 Qf5 35. Kh1 Be5 36. Kg1 Bf4 37. Kh1 Rb8 38. Rf3 Qh5+ 39. Rh3 Qf5 40. Rf3 Qh5+ 41. Rh3 1/2-1/2

[Event "25th European Club Cup Women 2021"]
[Site "Struga"]
[Date "2021.09.19"]
[Round "2.7"]
[White "Bulmaga, Irina"]
[Black "Mehmed, Elif"]
[Result "1-0"]
[ECO "B80"]
[WhiteElo "2407"]
[BlackElo "2260"]
[Annotator "NA"]
[PlyCount "65"]
[EventDate "2021.09.18"]
[EventType "team-tourn"]
[EventCountry "MKD"]
[SourceTitle "playchess.com"]
[Source "ChessBase"]
[SourceQuality "1"]
[TimeControl "40/5400+30:1800+30"]

1. e4 c5 2. Nf3 d6 3. d4 cxd4 4. Nxd4 Nf6 5. Nc3 a6 6. Be3 e6 7. f3 b5 8. a3 Nbd7 9. g4 h6 10. Qd2 Bb7 11. O-O-O Rc8 12. h4 d5 13. Rg1 e5 14. g5 exd4 15. Bxd4 hxg5 16. hxg5 Nh5 17. exd5 Bd6 18. Rh1 Kf8 19. g6 Ne5 20. Bh3 Rc4 21. Bg4 fxg6 22. Ne4 Nf7 23. Be6 Nf4 24. Rxh8+ Nxh8 25. Kb1 Nxe6 26. dxe6 Bxe4 27. fxe4 g5 28. Be5 Rxe4 29. Bxd6+ Ke8 30. Qd5 Rc4 31. e7 Qc8 32. Qg8+ Kd7 33. Bb4+ 1-0

[Event "25th European Club Cup Women 2021"]
[Site "Struga"]
[Date "2021.09.19"]
[Round "2.8"]
[White "Krasteva, Beloslava"]
[Black "Koskoska, Gabriela"]
[Result "1-0"]
[ECO "A57"]
[WhiteElo "2217"]
[BlackElo "2003"]
[Annotator "NA"]
[PlyCount "123"]
[EventDate "2021.09.18"]
[EventType "team-tourn"]
[EventCountry "MKD"]
[SourceTitle "playchess.com"]
[Source "ChessBase"]
[SourceQuality "1"]
[TimeControl "40/5400+30:1800+30"]

1. d4 Nf6 2. c4 c5 3. d5 b5 4. cxb5 a6 5. b6 e6 6. Nc3 Nxd5 7. Nxd5 exd5 8.
Qxd5 Nc6 9. Nf3 Rb8 10. e4 Be7 11. Bc4 O-O 12. Bd2 Rxb6 13.
O-O Nb4 14. Qh5 Bb7 15. Ng5 Bxg5 16. Bxg5 Qe8 17. Rae1 Qe5 18. Qh4 Rg6 19. Bc1 Re8 20. Qf4 Qxf4 21. Bxf4 Nc2 22. Rc1 Nd4 23. f3 h5 24. Bd3 Rb6 25. b3 d6 26. Bd2 Bc6 27. Ba5 Rb7 28.
Kf2 Bb5 29. Rfd1 Kf8 30. Bc3 Bxd3 31. Rxd3 Nb5 32. Rd5 g6 33. Bf6 Rb6 34. Bg5 Re6 35. Bf4 f6 36. h4 Nc7 37. Rd3 Ne8 38.
Rcd1 Ke7 39. Rc3 Rb5 40. Rc4 Nc7 41. g4 hxg4 42. fxg4 Ne8 43. h5 Kf7 44. Kf3 Kg7 45. Rh1 gxh5 46. gxh5 Kh7 47. h6 Re7 48. Kg4 Kg6 49. Kf3 Rh7 50. Rg1+ Kf7 51. Rc2 Rb4 52. Rd2 a5 53. Rd3 a4 54. Bd2 Rb6 55. bxa4 Rb2 56. Rb3 Rxd2 57. Rb7+ Kf8 58. Rxh7 Rxa2 59. Rh8+ Kf7 60. Rxe8 Ra3+ 61.
Kf4 Kxe8 62. h7 1-0

[Event "25th European Club Cup Women 2021"]
[Site "Struga"]
[Date "2021.09.19"]
[Round "2.9"]
[White "Muzychuk, Anna"]
[Black "Unuk, Laura"]
[Result "1/2-1/2"]
[ECO "C70"]
[WhiteElo "2534"]
[BlackElo "2389"]
[Annotator "ChessBase"]
[PlyCount "69"]
[EventDate "2021.09.18"]
[EventType "team-tourn"]
[EventCountry "MKD"]
[SourceTitle "playchess.com"]
[Source "ChessBase"]
[SourceQuality "1"]
[TimeControl "40/5400+30:1800+30"]

1. e4 e5 2. Nf3 Nc6 3. Bb5 a6 4. Ba4 g6 5. d4 b5 6. Bb3 exd4 7. Nxd4 Na5 8. a4 Nxb3 9. Nxb3 b4 10. Qd4 Qf6 11. Be3 Qxd4 12. Bxd4 f6 13.
N1d2 Kf7 14. Nc4 Ne7 15. Nba5 d6 16. O-O-O Bh6+ 17. Kb1 Bd7 18. b3 Nc6 19. Nxc6 Bxc6 20. f3 Rhe8 21. Rhe1 Rad8 22. Be3 Bf8 23. Bf4 Bb7 24. Ne3 Rd7 25. Rd4 c5 26. Rdd1 d5 27. Nxd5 Bxd5 28. exd5 Rxe1 29. Rxe1 Rxd5 30. c4 Rd3 31. Kc2 Rc3+ 32. Kb2 Rd3 33. Kc2 Rc3+ 34. Kb2 Rd3 35. Kc2 1/2-1/2

[Event "25th European Club Cup Women 2021"]
[Site "Struga"]
[Date "2021.09.19"]
[Round "2.10"]
[White "Cvitan, Ena"]
[Black "Abdumalik, Zhansaya"]
[Result "0-1"]
[ECO "D87"]
[WhiteElo "2284"]
[BlackElo "2502"]
[Annotator "ChessBase"]
[PlyCount "66"]
[EventDate "2021.09.18"]
[EventType "team-tourn"]
[EventCountry "MKD"]
[SourceTitle "playchess.com"]
[Source "ChessBase"]
[SourceQuality "1"]
[TimeControl "40/5400+30:1800+30"]

1. d4 Nf6 2. c4 g6 3. Nc3 d5 4. cxd5 Nxd5 5. e4 Nxc3 6. bxc3 Bg7 7. Bc4 c5 8. Ne2 O-O 9. Be3 Nc6 10. h4 h6 11. h5 g5 12. O-O Bg4 13. f3 Bxh5 14. dxc5 Qc7 15. Qc2 Ne5 16. Bb3 Nd7 17. c6 bxc6 18. Nd4 e6 19. Rad1 Ne5 20. c4 a5 21. Ba4 Rab8 22. a3 Rfd8 23. Kf2 Rb7 24. Rh1 Rdb8 25. Nb3 Bg6 26. Rd2 Bf8 27. c5 Bg7 28. Rd6 f5 29. Bd4 fxe4 30.
fxe4 Ng4+ 31. Kg3 Qf7 32. Kh3 Bxd4 33. Rxd4 e5 0-1

[Event "25th European Club Cup Women 2021"]
[Site "Struga"]
[Date "2021.09.19"]
[Round "2.11"]
[White "Muzychuk, Mariya"]
[Black "Urh, Zala"]
[Result "1-0"]
[ECO "B31"]
[WhiteElo "2540"]
[BlackElo "2234"]
[Annotator "ChessBase"]
[PlyCount "65"]
[EventDate "2021.09.18"]
[EventType "team-tourn"]
[EventCountry "MKD"]
[SourceTitle "playchess.com"]
[Source "ChessBase"]
[SourceQuality "1"]
[TimeControl "40/5400+30:1800+30"]

1. e4 c5 2. Nf3 Nc6 3. Bb5 g6 4. Bxc6 dxc6 5. d3 Bg7 6. h3 Qc7 7. Nc3 e5 8. Be3 b6 9. Qd2 h6 10. O-O-O f5 11. exf5 gxf5 12. Qe2 Ne7 13. Rde1 Ba6 14. Bd2 e4 15. Nh4 O-O-O 16. Nxe4 fxe4 17. Qg4+ Rd7 18. Qxg7 Rg8 19. Qf7 Qd8 20. Rxe4 Nd5 21. Qe6 Kb7 22. Qxh6 c4 23. dxc4 Nf6 24. Re6 Bxc4 25. Rxf6 Rxd2 26. Qxd2 Qxf6 27. g3 Bxa2 28. Re1 a5 29. Qe3 Ka6 30. Ng2 Rg5 31. Nf4 Rb5 32. Nd3 a4 33. Qe8 1-0

[Event "25th European Club Cup Women 2021"]
[Site "Struga"]
[Date "2021.09.19"]
[Round "2.12"]
[White "Vidic, Teja"]
[Black "Buksa, Nataliya"]
[Result "1/2-1/2"]
[ECO "C81"]
[WhiteElo "2172"]
[BlackElo "2417"]
[Annotator "NA"]
[PlyCount "153"]
[EventDate "2021.09.18"]
[EventType "team-tourn"]
[EventCountry "MKD"]
[SourceTitle "playchess.com"]
[Source "ChessBase"]
[SourceQuality "1"]
[TimeControl "40/5400+30:1800+30"]

1. e4 e5 2. Nf3 Nc6 3. Bb5 a6 4. Ba4 Nf6 5. O-O Nxe4 6. d4 b5 7. Bb3 d5 8. dxe5 Be6 9. Qe2 Be7 10. Rd1 O-O 11. c4 bxc4 12. Bxc4 Bc5 13. Be3 Bxe3 14. Qxe3 Qb8 15. Bb3 Qb6 16. Nbd2 Rab8 17. Rac1 h6 18. Nxe4 dxe4 19. Qxe4 Bxb3 20. axb3 Na5 21. h3 Nxb3 22. Rc6 Nc5 23. Qd5 Rbd8 24. Rxb6 Rxd5 25. Rxd5 cxb6 26. Nd4 Re8 27. Nc6 Re6 28. Nd8 Re7 29. f4 Rc7 30. Rd6 b5 31. b4 Ne4 32. Rxa6 Rc1+ 33. Kh2 h5 34. e6 fxe6 35. Rxe6 Nf6 36. Re5 h4 37. Rxb5 Rd1 38. Ne6 Nd5 39. Ng5 g6 40. Nf3 Nxf4 41. Nxh4 Kf7 42. Kg3 Nd5 43. Nf3 Ke6 44. Rb8 Rb1 45. b5 Rb2 46. Nd4+ Ke5 47. Nc6+ Kf5 48. Rf8+ Ke6 49. Rf2 Rb3+ 50. Rf3 Rb2 51. Nd4+ Kd6 52. Rb3 Rxb3+ 53. Nxb3 Nc3 54. Kg4 Nxb5 55. Kg5 Ke7 56. Kxg6 Kf8 57. h4 Kg8 58. h5 Nc3 59. g4 Nd5 60. Nd4 Nf4+ 61. Kf5 Nd5 62. g5 Kg7 63. Ne6+ Kh7 64. g6+ Kh6 65. Nf4 Ne3+ 66. Kf6 Ng4+ 67. Kf7 Kg5 68. Kg7 Nh6 69. Kh7 Ng4 70. g7 Kxf4 71. Kg6 Ne5+ 72. Kh7 Ng4 73. Kg6 Ne5+ 74. Kf6 Ng4+ 75. Ke7 Nh6 76. Kf6 Ng4+ 77. Kg6 1/2-1/2

[Event "25th European Club Cup Women 2021"]
[Site "Struga"]
[Date "2021.09.19"]
[Round "2.14"]
[White "Dzagnidze, Nana"]
[Black "Gunina, Valentina"]
[Result "0-1"]
[ECO "D17"]
[WhiteElo "2525"]
[BlackElo "2446"]
[Annotator "ChessBase"]
[PlyCount "150"]
[EventDate "2021.09.18"]
[EventType "team-tourn"]
[EventCountry "MKD"]
[SourceTitle "playchess.com"]
[Source "ChessBase"]
[SourceQuality "1"]
[TimeControl "40/5400+30:1800+30"]

1. Nf3 d5 2. c4 c6 3. d4 Nf6 4. Nc3 dxc4 5. a4 Bf5 6. Ne5 Nbd7 7. Nxc4 Nb6 8. Ne5 a5 9. e3 Nbd7 10. Qb3 Nxe5 11. dxe5 Nd7 12. e4 Be6 13. Qxb7 Rb8 14. Qa7 Nxe5 15. Bf4 f6 16. Be2 Qb6 17. Qxb6 Rxb6 18. O-O-O Bb3 19. Rd2 e6 20. Bxe5 fxe5 21. Bd1 Be7 22. Bxb3 Rxb3 23. Kc2 Rb4 24. Rhd1 O-O 25. b3 Bg5 26. Re2 Rfb8 27. Rb1 c5 28. f3 Rc8 29. Na2 Rd4 30. Rd1 c4 31. Rxd4 cxb3+ 32. Kxb3 exd4 33. Rc2 Rb8+ 34. Kc4 e5 35. g3 h5 36. Rg2 Be3 37. f4 Kf7 38. h4 g6 39. fxe5 Ke6 40. g4 Kxe5 41. gxh5 gxh5 42. Kd3 Rb3+ 43. Kc2 Rb8 44. Kd3 Bf4 45. Rg7 Rb2 46. Re7+ Kf6 47. Ra7 Rd2+ 48. Kc4 Rxa2 49. Rxa5 Be3 50. Rxh5 Rxa4+ 51. Kd3 Ra3+ 52. Ke2 Kg6 53. Rd5 Ra2+ 54. Kf3 Rf2+ 55. Kg3 Rf6 56. Rd7 Re6 57. Kf3 Kh5 58. Rh7+ Rh6 59. Rf7 Kg6 60. Rf8 Rxh4 61. e5 Kg7 62. Rf5 Rh8 63. Ke4 Rf8 64. Rh5 Rf4+ 65. Kd3 Kf7 66. Rh8 Ke6 67. Re8+ Kd5 68. e6 Rf2 69. Rd8+ Kxe6 70. Ke4 Rh2 71. Kd3 Rh3 72. Ke4 Bf2 73. Rf8 Re3+ 74. Kf4 Bg3+ 75. Kg4 Be5 0-1